AoeStats
← jhgomez13

Arabia

510636985Analyzed
1v1 RM · 1d ago on Oct 1, 2026· 40m 9s· 2 players
Game mode
Random Map
Map size
Tiny (2 player)
Population
200
Speed
Normal
Resources
Standard
Victory
Conquest
Starting age
Dark Age
Ending age
Imperial Age
RankedLock teamsTeams togetherTeam positionsShared explorationLock speedFull tech treeHidden civsTurbo modeCheats
Victory
Defeat
🇨🇴 Tupi · Colombia
842
+17
🇨🇴 Portuguese · Colombia
871
-17
jhgomez13
7:47 Loom
10:51 Feudal Age
18:34 Fletching
23:42 Castle Age
22:35 Double-Bit Axe
22:32 Champi Runner
25:26 Scale Mail Armor
27:44 Forging
36:29 Imperial Age
37:10 Chain Mail Armor
38:05 Squires
37:26 Pikeman
alejoagon
11:34 Feudal Age
12:03 Man-at-Arms
21:55 Castle Age
20:42 Forging
20:32 Double-Bit Axe
27:29 Bloodlines
28:36 Wheelbarrow
28:20 Fletching
30:16 Town Watch
35:37 Imperial Age
33:39 Horse Collar
35:28 Bow Saw
35:26 Bodkin Arrow
36:07 Iron Casting
35:37 Scale Barding Armor
36:02 Hand Cart
36:49 Gold Mining
38:12 Cavalier
38:23 Capped Ram
Connection lost

Rejoining the realm…

Still unreachable

The connection could not be restored.

Session expired

The server has moved on; the page needs a fresh start.